 Dungeon Crawl Stone Soup version 0.28.0 (webtiles) character file.

Game seed: 11102252275902365974

126 GrayStillPlays the Shield-Bearer (level 5, 0/47 HPs)
             Began as a Gnoll Fighter on Feb 7, 2022.
             Slain by a scorpion (3 damage)
             ... on level 4 of the Dungeon.
             The game lasted 00:03:06 (2808 turns).

GrayStillPlays the Shield-Bearer (Gnoll Fighter)    Turns: 2808, Time: 00:03:07

Health: 0/47       AC:  7    Str: 15    XL:     5   Next: 9%
Magic:  2/2        EV:  9    Int:  9    God:
Gold:   107        SH: 10    Dex: 12    Spells: 6/6 levels left

rFire   . . .      SeeInvis .   h - +1 short sword (antimagic) {short}
rCold   . . .      Faith    .   c - +0 buckler
rNeg    . . .      Spirit   .   b - +0 scale mail
rPois   .          Reflect  +   (no helmet)
rElec   .          Harm     .   (no cloak)
rCorr   .          Rampage  .   (no gloves)
Will    .....                   (no boots)
Stlth   ..........              e - amulet of reflection
HPRegen 0.15/turn               (no ring)
MPRegen 0.08/turn               (no ring)

@: lethally poisoned (0 -> -3)
A: fangs 1, strong nose, distributed training
a: no special abilities


You were on level 4 of the Dungeon.
You visited 1 branch of the dungeon, and saw 4 of its levels.

You collected 107 gold pieces.


Innate Abilities, Weirdness & Mutations

You have very sharp teeth.
Your uncanny sense of smell can sniff out nearby items.
Your experience applies equally to all skills.


   Skills:
 + Level 6.6 Fighting
 + Level 1.3 Short Blades
 + Level 1.3 Long Blades
 + Level 4.7 Axes
 + Level 1.3 Maces & Flails
 + Level 1.3 Polearms
 + Level 1.3 Staves
 + Level 1.3 Slings
 + Level 1.3 Bows
 + Level 1.3 Crossbows
 + Level 1.3 Throwing
 + Level 6.6 Armour
 + Level 1.3 Dodging
 + Level 1.3 Stealth
 + Level 6.6 Shields
 + Level 1.3 Unarmed Combat
 + Level 1.3 Spellcasting
 + Level 1.1 Conjurations
 + Level 1.1 Hexes
 + Level 1.1 Summonings
 + Level 1.1 Necromancy
 + Level 1.1 Translocations
 + Level 1.1 Transmutations
 + Level 1.1 Fire Magic
 + Level 1.1 Ice Magic
 + Level 1.1 Air Magic
 + Level 1.1 Earth Magic
 + Level 1.1 Poison Magic
 + Level 1.5 Invocations
 + Level 1.3 Evocations


You had 6 spell levels left.
You didn't know any spells.
Your spell library was empty.

Inventory:

Hand Weapons
 a - a +0 war axe {axe}
 h - a +1 antimagic short sword (weapon) {short}
   (You took it off a kobold on level 1 of the Dungeon)
Missiles
 g - 40 stones (quivered) {throwing}
 k - 40 arrows
 r - 22 bolts
 t - 5 javelins {throwing}
Armour
 b - a +0 scale mail (worn)
 c - a +0 buckler (worn)
Jewellery
 e - an amulet of reflection (around neck)
   (You found it on level 1 of the Dungeon)
 f - a ring of fire
   (You found it on level 1 of the Dungeon)
Scrolls
 i - a scroll of brand weapon {unknown}
 j - a scroll of magic mapping {unknown}
 l - a scroll of fear {unknown}
 m - 4 scrolls of identify {unknown}
 o - a scroll of acquirement {unknown}
 p - a scroll of teleportation {unknown}
 s - a scroll of summoning {unknown}
 u - a scroll of blinking {unknown}
Potions
 d - a potion of might
 n - a potion of degeneration {unknown}
 q - a potion of curing {unknown}

Dungeon Overview and Level Annotations

Branches:
Dungeon (4/15)
 Temple: D:4-7

Altars:

# .#
###.##.#
#@s....#
#.#.....#
#.# .....
#.# ...#
#.# ..#
#.# ##
#†# #.# ∆
###.#


You could see a scorpion.


Message History

There is a fountain of sparkling water here.
There is a stone staircase leading down here.
Done exploring. 😎 HP[+4]
Your hp is fully restored (47).
Done exploring.
No target in view!
No target in view!
No target in view!
Done exploring.
There is a stone staircase leading down here.
You climb downwards.
There is a stone staircase leading up here.
You now have 107 gold pieces (gained 9).
u - a scroll labelled SUNUN BORGH You see here a +0 hand axe {axe}.
You open the door.
There is an open door here.
You open the door.
There is an open door here.
You open the door.
There is an open door here.
Key pressed, stopping explore.
A hobgoblin comes into view.
The hobgoblin shouts!
A hobgoblin is nearby!
The hobgoblin hits you but does no damage.
You closely miss the hobgoblin. The hobgoblin closely misses you.
You barely miss the hobgoblin.
The hobgoblin hits you but does no damage.
You hit the hobgoblin.
You kill the hobgoblin!
No target in view!
No target in view!
No target in view!
You see here a hobgoblin corpse.
A scorpion comes into view.
The scorpion moves out of view.
A scorpion is nearby!
You hit the scorpion. Your bite misses the scorpion.
You block the scorpion's attack.
You barely miss the scorpion. You block the scorpion's attack.
You hit the scorpion. The scorpion stings you. x2
You are poisoned.
The scorpion poisons you! 😕 HP[-10]
You take 10 damage, and now have 37/47 hp.
MASSIVE DAMAGE!! (PAUSE)
You barely miss the scorpion.
You bite the scorpion, but do no damage.
You feel very sick.
The scorpion barely misses you. 😮 HP[-2]
You take 2 damage, and now have 35/47 hp.
You hit the scorpion.
You feel sick. The scorpion stings you. 😮 HP[-5]
You take 5 damage, and now have 30/47 hp.
You closely miss the scorpion.
You feel sick.
You block the scorpion's attack. x2 😮 HP[-1]
You take 1 damage, and now have 29/47 hp.
You hit the scorpion but do no damage. Your bite misses the scorpion.
You feel sick. The scorpion stings you.
You are more poisoned.
The scorpion poisons you! 😮 HP[-4]
You take 4 damage, and now have 25/47 hp.
You hit the scorpion.
You feel very sick.
You block the scorpion's attack. 😨 HP[-4]
You take 4 damage, and now have 21/47 hp.
You hit the scorpion.
You feel very sick. The scorpion stings you.
* * * LOW HITPOINT WARNING * * *
The scorpion stings you but does no damage. 😨 HP[-9]
You take 9 damage, and now have 12/47 hp.
You hit the scorpion.
* * * LOW HITPOINT WARNING * * *
You feel very sick. The scorpion stings you.
* * * LOW HITPOINT WARNING * * *
😱 HP[-4]
You take 4 damage, and now have 8/47 hp.
You barely miss the scorpion.
* * * LOW HITPOINT WARNING * * *
You feel sick.
The scorpion barely misses you. 😱 HP[-2]
You take 2 damage, and now have 6/47 hp.
You closely miss the scorpion.
* * * LOW HITPOINT WARNING * * *
You feel sick.
You block the scorpion's attack. 😱 HP[-1]
You take 1 damage, and now have 5/47 hp.
You hit the scorpion.
You bite the scorpion, but do no damage.
* * * LOW HITPOINT WARNING * * *
You feel sick. You block the scorpion's attack. The scorpion stings you.
You die...

Skill      XL: |  1  2  3  4 |
---------------+-------------+-----
Invocations    | 1 |  1.5
Short Blades   | 1 |  1.3
Long Blades    | 1 |  1.3
Maces & Flails | 1 |  1.3
Polearms       | 1 |  1.3
Staves         | 1 |  1.3
Slings         | 1 |  1.3
Bows           | 1 |  1.3
Crossbows      | 1 |  1.3
Throwing       | 1 |  1.3
Dodging        | 1 |  1.3
Stealth        | 1 |  1.3
Unarmed Combat | 1 |  1.3
Spellcasting   | 1 |  1.3
Evocations     | 1 |  1.3
Conjurations   | 1 |  1.1
Hexes          | 1 |  1.1
Summonings     | 1 |  1.1
Necromancy     | 1 |  1.1
Translocations | 1 |  1.1
Transmutations | 1 |  1.1
Fire Magic     | 1 |  1.1
Ice Magic      | 1 |  1.1
Air Magic      | 1 |  1.1
Earth Magic    | 1 |  1.1
Poison Magic   | 1 |  1.1
Fighting       | |  6.6
Axes           | |  4.7
Armour         | |  6.6
Shields        | |  6.6

Action                   |  1- 3 |  4- 6 || total
-------------------------+-------+-------++-------
Melee: War axe           |    22 |       ||    22
       Short sword       |    89 |   109 ||   198
       Bite              |     6 |     8 ||    14
Armor: Scale mail        |    34 |    25 ||    59
Dodge: Dodged            |    34 |    26 ||    60
Block: Buckler           |    51 |    48 ||    99
       Reflection        |     2 |       ||     2

Levels and vault maps discovered:
D:1:      co_arrival_random_square_maze, layout_basic
D:2:      layout_loops_ring, dreamdust_ecumenical_altar_hidden_monk_grotto
D:3:      layout_rooms, grunt_decor_mini_mirrors,
          amcnicky_mini_rare_corridor_liquid, kennysheep_generic_room_2
D:4:      layout_basic

Notes
Turn   | Place    | Note
-------+----------+-------------------------------------------
     0 | D:1      | GrayStillPlays the Gnoll Fighter began the quest for the
                  | Orb.
     0 | D:1      | Reached XP level 1. HP: 23/23 MP: 1/1
     0 | D:1      | magus.rc [v1.9.6]
    76 | D:1      | Reached XP level 2. HP: 9/29 MP: 2/2
   717 | D:1      | Reached XP level 3. HP: 29/35 MP: 1/3
  1068 | D:2      | Reached skill level 1 in Invocations
  1204 | D:2      | Reached skill level 1 in Short Blades
  1204 | D:2      | Reached skill level 1 in Long Blades
  1204 | D:2      | Reached skill level 1 in Maces & Flails
  1204 | D:2      | Reached skill level 1 in Polearms
  1204 | D:2      | Reached skill level 1 in Staves
  1204 | D:2      | Reached skill level 1 in Slings
  1204 | D:2      | Reached skill level 1 in Bows
  1204 | D:2      | Reached skill level 1 in Crossbows
  1204 | D:2      | Reached skill level 1 in Throwing
  1204 | D:2      | Reached skill level 1 in Dodging
  1204 | D:2      | Reached skill level 1 in Stealth
  1204 | D:2      | Reached skill level 1 in Unarmed Combat
  1204 | D:2      | Reached skill level 1 in Spellcasting
  1204 | D:2      | Reached skill level 1 in Evocations
  1540 | D:2      | Reached XP level 4. HP: 39/41 MP: 1/5
  1578 | D:2      | Found a faded altar of an unknown god.
  2450 | D:3      | Reached skill level 1 in Conjurations
  2450 | D:3      | Reached skill level 1 in Hexes
  2450 | D:3      | Reached skill level 1 in Summonings
  2450 | D:3      | Reached skill level 1 in Necromancy
  2450 | D:3      | Reached skill level 1 in Translocations
  2450 | D:3      | Reached skill level 1 in Transmutations
  2450 | D:3      | Reached skill level 1 in Fire Magic
  2450 | D:3      | Reached skill level 1 in Ice Magic
  2450 | D:3      | Reached skill level 1 in Air Magic
  2450 | D:3      | Reached skill level 1 in Earth Magic
  2450 | D:3      | Reached skill level 1 in Poison Magic
  2461 | D:3      | Reached XP level 5. HP: 37/47 MP: 1/7
  2805 | D:4      | HP: 10/47 [poisoned by a scorpion]
  2808 | D:4      | HP: 3/47 [poisoned by a scorpion]
  2808 | D:4      | Slain by a scorpion

Vanquished Creatures
  A bullfrog skeleton (D:3)
  4 adders
  2 worms
  2 dart slugs (D:1)
  3 ball pythons (D:1)
  2 bats (D:1)
  8 endoplasms
  A giant cockroach (D:1)
  6 goblins
  2 hobgoblins
  7 kobolds
  3 quokkas
  6 frilled lizards
  6 rats
53 creatures vanquished.

Vanquished Creatures (others)
  3 fungi (D:2)
  4 plants (D:2)
7 creatures vanquished.

Grand Total: 60 creatures vanquished

Table legend:
 A = Non-vault XP
 B = Vault XP
 C = Vault XP percentage of total XP
 D = Non-vault monster count
 E = Vault monster count
 F = Vault count percentage of total count
                 A         B        C        D         E       F
            +---------+---------+-------+---------+---------+-------
      Total |     167 |      13 |   7.2 |      52 |       1 |   1.9
            +---------+---------+-------+---------+---------+-------
        D:1 |      41 |       0 |   0.0 |      21 |       0 |   0.0
        D:2 |      53 |       0 |   0.0 |      18 |       0 |   0.0
        D:3 |      71 |      13 |  15.5 |      12 |       1 |   7.7
        D:4 |       2 |       0 |   0.0 |       1 |       0 |   0.0
            +---------+---------+-------+---------+---------+-------

Illustrated notes

Table legend:
 A = Kills in this place as a percentage of kills in entire the game.
 B = Kills by you in this place as a percentage of kills by you in the entire game.
 C = Kills by friends in this place as a percentage of kills by friends in the entire game.
 D = Other kills in this place as a percentage of other kills in the entire game.
 E = Experience gained in this place as a percentage of experience gained in the entire game.
 F = Experience gained in this place divided by the number of levels of this place that you have seen.
                   A       B       C       D       E      F
               +-------+-------+-------+-------+-------+----------------------
         Total | 100.0 | 100.0 |   N/A |   N/A | 100.0 |  45.0
       Dungeon | 100.0 | 100.0 |   N/A |   N/A | 100.0 |  45.0
               +-------+-------+-------+-------+-------+----------------------

Table legend: (Time is in decaauts)
 A = Elapsed time spent in this place.
 B = Non-inter-level travel time spent in this place.
 C = Inter-level travel time spent in this place.
 D = Time resting spent in this place.
 E = Time spent auto-exploring this place.
 F = Levels seen in this place.
 G = Mean time per level.
                   A        B        C        D        E       F      G
               +--------+--------+--------+--------+--------+-----+--------+
         Total |   2830 |   2736 |     94 |    204 |   2077 |   4 |  707.5 |
       Dungeon |   2830 |   2736 |     94 |    204 |   2077 |   4 |  707.5 |
               +--------+--------+--------+--------+--------+-----+--------+

Top non-repeatable levels by time:
     D:1: 1055 daAuts
     D:3: 844 daAuts
     D:2: 817 daAuts
     D:4: 112 daAuts
